 Dungeon Crawl Stone Soup version 0.31-a0-924-ge39a22a033 (webtiles) character file.

Game seed: 14531780267738006376

194 BinkBink the Trooper (level 5, -1/34 HPs)
             Began as a Gargoyle Berserker on Oct 18, 2023.
             Was a Believer of Trog.
             Slain by an orc warrior
             ... wielding a +0 battleaxe
              (6 damage)
             ... on level 2 of the Dungeon.
             The game lasted 00:05:27 (2589 turns).

BinkBink the Trooper (Gargoyle Berserker)           Turns: 2589, Time: 00:05:27

Health: -1/34      AC: 26    Str: 23    XL:     5   Next: 73%
Magic:  5/5        EV:  4    Int:  7    God:    Trog [**....]
Gold:   146        SH:  0    Dex:  9    Spells: 4/4 levels left

rFire   . . .        a - +0 hand axe
rCold   . . .        (no shield)
rNeg    + . .        p - +4 crystal plate armour
rPois   ∞            (no helmet)
rElec   +            n - +0 cloak
rCorr   .            q - +0 pair of gloves
SInv    .            (no boots)
Will    .....        (no amulet) Stlth
                     (no ring)
HPRegen 0.25/turn    (no ring)
MPRegen 0.09/turn

%: no passive effects
@: mighty, brilliant
A: sickness immunity, AC +4, negative energy resistance 1, electricity
resistance, torment resistance 1, petrification resistance
a: Renounce Religion, Berserk, Trog's Hand


You were on level 2 of the Dungeon.
You worshipped Trog.
Trog was pleased with you.
You visited 1 branch of the dungeon, and saw 4 of its levels.

You collected 146 gold pieces.

Inventory:

Hand Weapons
 a - a +0 hand axe (weapon)
Armour
 n - a +0 cloak (worn)
 p - a +4 crystal plate armour (worn)
 q - a +0 pair of gloves (worn)
Jewellery
 b - a ring of ice
Scrolls
 c - 4 scrolls of identify
 f - a scroll of fear {unknown}
 h - a scroll of blinking {unknown}
 j - a scroll of butterflies {unknown}
 k - a scroll of amnesia {unknown}
 m - a scroll of acquirement {unknown}
 o - a scroll of immolation {unknown}
Potions
 d - a potion of might
 g - 3 potions of brilliance
 l - 3 potions of curing


   Skills:
 + Level 4.4 Fighting
 + Level 3.5 Axes
 + Level 3.6 Armour
 + Level 2.7 Dodging


You had 4 spell levels left.
You didn't know any spells.
Your spell library was empty.

Dungeon Overview and Level Annotations

Branches:
Dungeon (4/15)
 Temple: D:4-7

Altars:
Trog


Innate Abilities, Weirdness & Mutations

You are immune to sickness and miasma.
Your stone body is resilient. (AC +4)
You are immune to poison.
You resist negative energy. (rN+)
You are resistant to electric shocks. (rElec)
You are resistant to unholy torment.
You are immune to petrification.


Message History

You hit the orc warrior but do no damage.
The orc warrior is heavily wounded.
The orc warrior hits you but does no damage.
You hit the orc warrior but do no damage.
The orc warrior is heavily wounded.
The orc warrior hits you with a +0 battleaxe.
You barely miss the orc warrior.
The orc warrior is heavily wounded.
The orc warrior barely misses you.
You hit the orc warrior but do no damage.
The orc warrior is heavily wounded.
The orc warrior hits you but does no damage.
You barely miss the orc warrior.
The orc warrior is heavily wounded.
The orc warrior hits you but does no damage.
You closely miss the orc warrior.
The orc warrior is heavily wounded.
The orc warrior hits you but does no damage.
You closely miss the orc warrior.
The orc warrior is heavily wounded.
The orc warrior hits you with a +0 battleaxe!
The orc warrior hits you with a +0 battleaxe.
You hit the orc warrior.
The orc warrior is heavily wounded.
The orc warrior hits you with a +0 battleaxe!
* * * LOW HITPOINT WARNING * * *
It was a potion of brilliance.
You feel clever all of a sudden.
The orc warrior hits you with a +0 battleaxe.
* * * LOW HITPOINT WARNING * * *
It was a potion of curing.
You feel better.
The orc warrior hits you but does no damage.
It was a potion of might.
You feel very mighty all of a sudden.
The orc warrior hits you with a +0 battleaxe.
* * * LOW HITPOINT WARNING * * *
You hit the orc warrior.
The orc warrior is severely wounded.
The orc warrior hits you with a +0 battleaxe.
You die...

###########.# #...........#
#.########### ### #.#.....# #..
#.#.....# #####..
#.#.....###......
#................
###########.......
#@o...........)...
###########.###...##.......
#.........#..##...##.......
#.........##.##...##.......
#....)†...'.......##.......
#.........###.(...##.......
#####..................#.......
#...#.........####.............
#.#.#.........# #####.########


You could see an orc warrior.

Vanquished Creatures
  An orc priest (D:3)
  4 adders
  5 gnolls
  A white imp (D:3)
  A worm (D:3)
  3 dart slugs
  4 endoplasms
  5 giant cockroaches
  6 goblins
  6 hobgoblins
  4 jackals (D:1)
  A quokka (D:3)
  7 ball pythons
  6 bats
  3 frilled lizards
  7 kobolds
  3 rats
67 creatures vanquished.

Notes
Turn   | Place    | Note
-------+----------+-------------------------------------------
     0 | D:1      | BinkBink the Gargoyle Berserker began the quest for the
                  | Orb.
     0 | D:1      | Reached XP level 1. HP: 14/14 MP: 1/1
    70 | D:1      | Reached XP level 2. HP: 19/19 MP: 2/2
   263 | D:1      | Reached XP level 3. HP: 18/24 MP: 3/3
   316 | D:1      | Found a faded altar of an unknown god.
   927 | D:2      | Reached ** piety under Trog
   990 | D:2      | Reached XP level 4. HP: 18/29 MP: 4/4
  1109 | D:2      | Reached skill level 4 in Fighting
  1799 | D:3      | Found a bloodstained altar of Trog.
  1906 | D:3      | Noticed an orc warrior
  1949 | D:3      | Reached XP level 5. HP: 30/33 MP: 5/5
  2473 | D:4      | Noticed an ice beast
  2586 | D:2      | HP: 1/34 [orc warrior/+0 battleaxe (5)]
  2589 | D:2      | Slain by an orc warrior

Illustrated notes

Levels and vault maps discovered:
D:1:      sevenhm_arrival_forest_fort_small_3, layout_basic,
          shapermc_ecumenical_altar_flowoftime, minmay_pentomino_x4
D:2:      layout_basic
D:3:      layout_basic, lightli_temple_of_fire, kennysheep_nub
D:4:      layout_basic, kennysheep_potato, uniq_duvessa, uniq_blork_the_orc

Skill      XL: |  1  2  3  4 |
---------------+-------------+-----
Axes           | 3 |  3.5
Dodging        | 2 |  2.7
Armour         | 3 |  3.6
Fighting       | 4 |  4.4

Action                     |  1- 3 |  4- 6 || total
---------------------------+-------+-------++-------
  Melee: Hand axe          |   145 |   140 ||   285
         Punch             |     4 |     1 ||     5
    Use: Scroll            |       |     6 ||     6
         Potion            |       |     3 ||     3
 Armour: Animal skin       |    88 |    14 ||   102
         Crystal plate arm |       |   139 ||   139
  Dodge: Dodged            |    93 |    43 ||   136

Table legend: (Time is in decaauts)
 A = Elapsed time spent in this place.
 B = Non-inter-level travel time spent in this place.
 C = Inter-level travel time spent in this place.
 D = Time resting spent in this place.
 E = Time spent auto-exploring this place.
 F = Levels seen in this place.
 G = Mean time per level.
                   A        B        C        D        E       F      G
               +--------+--------+--------+--------+--------+-----+--------+
         Total |   2633 |   2456 |    177 |    112 |   1595 |   4 |  658.2 |
       Dungeon |   2633 |   2456 |    177 |    112 |   1595 |   4 |  658.2 |
               +--------+--------+--------+--------+--------+-----+--------+

Top non-repeatable levels by time:
     D:3: 867 daAuts
     D:1: 840 daAuts
     D:2: 813 daAuts
     D:4: 111 daAuts
